 Dungeon Crawl Stone Soup version 0.20.1-1-g8b1a95d (webtiles) character file.

224 galech the Ruffian (level 5, -1/52 HPs)
             Began as a Troll Monk on July 19, 2017.
             Slain by an orc wizard
             ... wielding a +0 dagger
              (3 damage)
             ... on level 3 of the Dungeon.
             The game lasted 00:03:05 (2171 turns).

galech the Ruffian (Troll Monk)                     Turns: 2171, Time: 00:03:05

Health: -1/52      AC:  5    Str: 20    XL:     5   Next: 67%
Magic:  4/4        EV: 11    Int:  6    God:
Gold:   132        SH:  0    Dex: 12    Spells: 4/4 levels left

rFire    . . .     SeeInvis .     - Unarmed
rCold    . . .     Gourm    +   (no shield)
rNeg     . . .     Faith    .   a - +0 robe
rPois    .         Spirit   .   (helmet restricted)
rElec    .         Reflect  .   (no cloak)
rCorr    .         Harm     .   (gloves unavailable)
MR       .....                  (boots unavailable)
Stlth    ++........             (no amulet)
Regen    0.6/turn               (no ring)
MPRegen  0.1/turn               (no ring)

@: no status effects
A: unfitting armour, claws 3, fast metabolism 3, gourmand, regeneration 1,
shaggy fur 1, tough skin 2
a: no special abilities


You were on level 3 of the Dungeon.
You were completely stuffed.

You visited 1 branch of the dungeon, and saw 4 of its levels.

You collected 132 gold pieces.

Inventory:

Armour
 a - a +0 robe (worn)
Jewellery
 l - an uncursed ring of ice
Scrolls
 g - 2 scrolls of recharging {unknown}
 h - 2 scrolls of enchant armour {unknown}
 i - a scroll of identify {unknown}
 k - 4 scrolls of teleportation {unknown}
 m - a scroll of enchant weapon {unknown}
 o - a scroll of magic mapping {unknown}
Potions
 d - 4 potions of agility {unknown}
 e - 4 potions of curing {unknown}
 f - a potion of cancellation {unknown}
 n - a potion of mutation {unknown}
 p - a potion of might {unknown}
 r - a potion of flight {unknown}
Books
 j - a book of Minor Magic

   Spells                             Type                      Level
   a - Magic Dart                     Conjuration                  1
   b - Blink                          Translocation                2
   c - Call Imp                       Summoning                    2
   d - Slow                           Hexes                        2
   e - Conjure Flame                  Conjuration/Fire             3
   f - Mephitic Cloud                 Conjuration/Poison/Air       3
Comestibles
 b - 5 bread rations
 c - a meat ration


   Skills:
 + Level 2.9 Fighting
 + Level 3.3 Dodging
 + Level 1.5 Stealth
 + Level 5.0 Unarmed Combat


You had 4 spell levels left.
You didn't know any spells.

Dungeon Overview and Level Annotations

Branches:
Dungeon (4/15)
 Temple: D:4-7

Altars:
Sif Muna
Xom


Innate Abilities, Weirdness & Mutations

You are too large for most types of armour.
You have claws for hands.
Your metabolism is lightning-fast.
You like to eat raw meat.
Your natural rate of healing is unusually fast.
You are covered in fur. (AC +1)
You have very tough skin. (AC +2)


Message History

* * * LOW HITPOINT WARNING * * *
You climb upwards.
There is a stone staircase leading down here.
You barely miss the orc wizard.
The orc wizard hits you but does no damage.
You hear some strange, mumbled words.
A magic dart appears from out of thin air!
The magic dart hits you!
* * * LOW HITPOINT WARNING * * *
You closely miss the orc wizard. The orc wizard misses you.
The orc wizard hits you but does no damage.
You miss something. Something hits you.
* * * LOW HITPOINT WARNING * * *
The orc wizard hits you with a dagger.
* * * LOW HITPOINT WARNING * * *
You miss something. The orc wizard barely misses you. Something hits you.
* * * LOW HITPOINT WARNING * * *
You miss something. The orc wizard barely misses you.
Something hits you but does no damage. The orc wizard hits you with a dagger.
You die...

....# #..#.#.##.#.#..#
....##########..#.#....#.#..#
.........)).....#.+####'.#..#
##......#######.#........#..#
##......# #.+########'..#
.#......# #.............#
.########## #####...#####..#
..##......####..{#)......#.##
))[+......'..+.)@)...###...#
#.)#......#.##.o.#........##
##.#......#.##.[.#...#.#..#
#.#......#.##...##......##
#.#......#.##...##..#.#.#
#........#......###.....#
###.##.####.#.#.## ##.#.##
.......# #.....# #....#
#.#.#..# #.#.#.# #.####


You could see an orc wizard.

Vanquished Creatures
  3 orc wizards
  6 adders
  A worm (D:3)
  5 dart slugs
  3 leopard geckos
  7 orcs (D:3)
  A ball python (D:1)
  4 giant cockroaches
  6 goblins
  7 hobgoblins
  5 jackals (D:1)
  8 bats
  3 frilled lizards
  4 kobolds
  3 rats
66 creatures vanquished.

Notes
Turn   | Place    | Note
-------+----------+-------------------------------------------
     0 | D:1      | galech the Troll Monk began the quest for the Orb.
     0 | D:1      | Reached XP level 1. HP: 22/22 MP: 0/0
   206 | D:1      | Reached XP level 2. HP: 28/29 MP: 1/1
   690 | D:1      | Reached XP level 3. HP: 36/36 MP: 2/2
  1231 | D:2      | Reached skill level 4 in Unarmed Combat
  1266 | D:2      | Reached XP level 4. HP: 39/44 MP: 3/3
  1610 | D:2      | Found a deep blue altar of Sif Muna.
  1845 | D:3      | Reached XP level 5. HP: 31/52 MP: 4/4
  1969 | D:3      | Found a shimmering altar of Xom.
  1970 | D:3      | Found a shimmering altar of Xom.
  1971 | D:3      | Found a shimmering altar of Xom.
  1972 | D:3      | Found a shimmering altar of Xom.
  1972 | D:3      | Found a shimmering altar of Xom.
  2158 | D:4      | Reached skill level 5 in Unarmed Combat
  2169 | D:3      | HP: 2/52 [orc wizard/dagger (2)]
  2171 | D:3      | Slain by an orc wizard

Skill      XL: |  1  2  3  4  5 |
---------------+----------------+-----
Unarmed Combat | 4 5 |  5.0
Dodging        | 3 |  3.3
Fighting       | |  2.9
Stealth        | |  1.5

Action                   |  1- 3 |  4- 6 || total
-------------------------+-------+-------++-------
Melee: Unarmed           |    82 |    91 ||   173
       Punch             |     1 |     3 ||     4
 Stab: Sleeping          |     2 |     2 ||     4
  Eat: Chunk             |    17 |     8 ||    25
Armor: Robe              |    28 |    32 ||    60
Dodge: Dodged            |    36 |    63 ||    99
